 Dungeon Crawl Stone Soup version 0.26-a0-720-g2a1d101370 (webtiles) character file.

Game seed: 383547024232966194

28 jestyr24 the Poker (level 3, 0/28 HPs)
             Began as a Merfolk Gladiator on Nov 3, 2020.
             Slain by a howler monkey (1 damage)
             ... on level 2 of the Dungeon.
             The game lasted 00:03:09 (582 turns).

jestyr24 the Poker (Merfolk Gladiator)               Turns: 582, Time: 00:03:10

Health: 0/28       AC:  5    Str: 14    XL:     3   Next: 14%
Magic:  3/3        EV: 14    Int:  8    God:
Gold:   44         SH:  0    Dex: 15    Spells: 2/2 levels left

rFire    . . .     SeeInvis .   a - +0 trident
rCold    . . .     Faith    .   (no shield)
rNeg     . . .     Spirit   .   b - +0 leather armour
rPois    .         Reflect  .   c - +0 helmet
rElec    .         Harm     .   (no cloak)
rCorr    .         Rampage  .   (no gloves)
MR       .....                  j - +0 pair of boots
Stlth    +.........             (no amulet)
HPRegen  0.09/turn              (no ring)
MPRegen  0.08/turn              (no ring)

@: no status effects
A: change form in water, swift swim, stealthy swim
a: no special abilities


You were on level 2 of the Dungeon.
You visited 1 branch of the dungeon, and saw 2 of its levels.

You collected 44 gold pieces.

Inventory:

Hand Weapons
 a - a +0 trident (weapon)
Missiles
 d - 3 throwing nets (quivered)
 p - 14 stones
Armour
 b - a +0 leather armour (worn)
 c - a +0 helmet (worn)
 j - a +0 pair of boots (worn)
Scrolls
 e - 2 scrolls of immolation {unknown}
 f - 2 scrolls of identify {unknown}
 g - a scroll of fog {unknown}
 h - a scroll of noise {unknown}
 i - a scroll of enchant armour {unknown}
 k - a scroll of teleportation {unknown}
Potions
 l - 2 potions of might {unknown}
 m - a potion of heal wounds {unknown}
 n - a potion of stabbing {unknown}
 o - a potion of cancellation {unknown}


   Skills:
 * Level 2.4 Fighting
 * Level 5.1 Polearms
 - Level 2.0 Throwing
 + Level 4.6 Dodging
 * Level 0.4 Stealth
 * Level 0.2 Spellcasting


You had 2 spell levels left.
You didn't know any spells.
Your spell library was empty.

Dungeon Overview and Level Annotations

Branches:
Dungeon (2/15)

Altars:

Annotations:
D:2 Jessica, Terence


Message History

The goblin misses you. The howler monkey barely misses you.
The ball python bites you but does no damage.
The ball python barely misses you. Terence closely misses you.
You hit the howler monkey.
The howler monkey is severely wounded.
The goblin hits you.
* * * LOW HITPOINT WARNING * * *
The howler monkey hoots and howls with incredible vigour!
The ball python misses you. The ball python barely misses you.
Terence misses you.
The howler monkey hits you but does no damage.
The goblin barely misses you.
You hear an angry hiss. x2
You hit Jessica.
Jessica is lightly wounded.
The ball python bites you but does no damage.
The ball python completely misses you. Jessica hits you.
* * * LOW HITPOINT WARNING * * *
The howler monkey hits you.
You die...

#########
........####
.....$.....#
.........#
........# .
..#+#......#...
......@@...'...
#@g..# #hS..#
#....#
.......)..#
..........#
..........#
..........#
........###
.......##


You could see Terence, a howler monkey (catching breath), Jessica, a goblin and
a ball python.

Vanquished Creatures
  A dart slug (D:1)
  A leopard gecko (D:1)
  4 bats (D:1)
  2 giant cockroaches (D:1)
  3 goblins
  3 hobgoblins (D:1)
  3 jackals (D:1)
  A frilled lizard (D:1)
  4 rats (D:1)
22 creatures vanquished.

Notes
Turn   | Place    | Note
-------+----------+-------------------------------------------
     0 | D:1      | jestyr24 the Merfolk Gladiator began the quest for the Orb.
     0 | D:1      | Reached XP level 1. HP: 16/16 MP: 1/1
   107 | D:1      | Reached XP level 2. HP: 22/22 MP: 2/2
   346 | D:1      | Reached skill level 5 in Polearms
   399 | D:1      | Reached XP level 3. HP: 28/28 MP: 3/3
   562 | D:2      | Noticed Terence
   578 | D:2      | Noticed Jessica
   582 | D:2      | HP: 1/28 [Jessica (2)]
   582 | D:2      | Slain by a howler monkey

Illustrated notes

Levels and vault maps discovered:
D:1:      shiori_arrival_maze, layout_rooms, minmay_statues_item,
          minmay_hexomino_f4
D:2:      layout_basic, uniq_jessica, uniq_terence, uniq_crazy_yiuf_cottage

Skill      XL: |  1  2 |
---------------+-------+-----
Polearms       | 5 |  5.1
Fighting       | |  2.4
Throwing       | |  2.0
Dodging        | |  4.6
Stealth        | |  0.4
Spellcasting   | |  0.2

Action                   || total
-------------------------++-------
Melee: Trident           ||    90
Armor: Leather armour    ||    28
Dodge: Dodged            ||    89

Table legend: (Time is in decaauts)
 A = Elapsed time spent in this place.
 B = Non-inter-level travel time spent in this place.
 C = Inter-level travel time spent in this place.
 D = Time resting spent in this place.
 E = Time spent auto-exploring this place.
 F = Levels seen in this place.
 G = Mean time per level.
                   A        B        C        D        E       F      G
               +--------+--------+--------+--------+--------+-----+--------+
         Total |    587 |    587 |      0 |     69 |    273 |   2 |  293.5 |
       Dungeon |    587 |    587 |      0 |     69 |    273 |   2 |  293.5 |
               +--------+--------+--------+--------+--------+-----+--------+

Top non-repeatable levels by time:
     D:1: 562 daAuts
     D:2: 24 daAuts
